 Dungeon Crawl Stone Soup version 0.20-a0-971-g5896763 (webtiles) character file.

84 Gorglomux the Chopper (level 4, 0/33 HPs)
             Began as a Formicid Warper on Apr 8, 2017.
             Slain by a centaur (7 damage)
             ... on level 10 of the Dungeon.
             The game lasted 00:04:50 (2904 turns).

Gorglomux the Chopper (Formicid Warper)             Turns: 2904, Time: 00:04:51

Health: 0/33       AC:  3    Str: 16    XL:     4   Next: 74%
Magic:  7/7        EV: 12    Int: 12    God:
Gold:   112        SH:  0    Dex: 11    Spells: 7/7 levels left

rFire    . . .     SeeInvis +   a - +0 hand axe
rCold    . . .     Gourm    .   (no shield)
rNeg     . . .     Faith    .   q - +0 leather armour
rPois    .         Spirit   .   (helmet unavailable)
rElec    .         Reflect  .   (no cloak)
rCorr    .         Harm     .   (no gloves)
MR       .....                  (no boots)
Stlth    +.........             (no amulet)
Regen    0.2/turn               (no ring)
MPRegen  0.1/turn               (no ring)

@: no status effects
A: permanent stasis, dig shafts and tunnels, four strong arms, antennae 3
a: Dig, Shaft Self


You were on level 10 of the Dungeon.
You were not hungry.

You visited 1 branch of the dungeon, and saw 7 of its levels.

You collected 112 gold pieces.

Inventory:

Hand Weapons
 a - a +0 hand axe (weapon)
 b - a +0 blowgun
Missiles
 e - 5 tomahawks of dispersal (quivered)
 Q - 6 poisoned needles
Armour
 q - a +0 leather armour (worn)
Scrolls
 B - a scroll of blinking
 E - a scroll of teleportation {unknown}
 F - a scroll of fear {unknown}
 G - 2 scrolls of enchant armour {unknown}
 M - a scroll of recharging {unknown}
 O - a scroll of random uselessness {unknown}
 R - 4 scrolls of identify
Potions
 J - a potion of magic {unknown}
 N - a potion of heal wounds {unknown}
 P - a potion of curing {unknown}
Books
 c - a book of Spatial Translocations

   Spells                             Type                      Level
   a - Blink                          Translocation                2
   b - Shroud of Golubria             Charms/Translocation         2
   c - Lesser Beckoning               Translocation                3
   d - Gell's Gravitas                Translocation                3
   e - Teleport Other                 Translocation                3
   f - Passage of Golubria            Translocation                4
Comestibles
 f - 2 bread rations
 I - 2 fruits
 S - a royal jelly


   Skills:
 - Level 2.1 Fighting
 + Level 4.5 Axes
 - Level 1.0 Throwing
 - Level 1.1 Armour
 - Level 1.7 Dodging
 - Level 2.1 Spellcasting
   Level 2.6 Translocations


You had 7 spell levels left.
You didn't know any spells.

Dungeon Overview and Level Annotations

Branches:
Dungeon (4/15)
 Temple: D:4-7

Altars:
Nemelex Xobeh


Innate Abilities, Weirdness & Mutations

You cannot be hasted, slowed, berserked, paralysed or teleported.
You can dig through walls and to a lower floor.
Your four strong arms can wield two-handed weapons with a shield.
You have a pair of large antennae on your head. (SInv)


Message History

You closely miss the centaur.
The centaur is moderately wounded.
The centaur hits you! The centaur misses you.
You barely miss the centaur.
The centaur is moderately wounded.
The centaur barely misses you. The centaur hits you.
* * * LOW HITPOINT WARNING * * *
You hit the centaur.
The centaur is heavily wounded.
The centaur barely misses you.
You hit the centaur.
The centaur is severely wounded.
The centaur misses you. The centaur closely misses you.
You hit the centaur but do no damage.
The centaur is severely wounded.
The centaur closely misses you. The centaur barely misses you.
You barely miss the centaur.
The centaur is severely wounded.
The centaur hits you!
You die...

#............###
#.######..####
.. #####..####
#. #.........#
.. #.####.##.# #
#.#######.#
#.c.....#.#
#####c#.#
#...@...#
#.###.### ...#
#####


You could see a centaur.

Vanquished Creatures
  A killer bee zombie (D:8)
  A gnoll (D:2)
  An ooze (D:4)
  An adder skeleton (D:5)
  2 worms
  A dart slug (D:1)
  An orc (D:3)
  2 ball pythons (D:1)
  2 giant cockroaches
  5 goblins
  3 hobgoblins (D:1)
  9 kobolds
  A quokka (D:3)
  7 bats (D:1)
  3 frilled lizards
  A rat (D:1)
41 creatures vanquished.

Notes
Turn   | Place    | Note
-------+----------+-------------------------------------------
     0 | D:1      | Gorglomux the Formicid Warper began the quest for the Orb.
     0 | D:1      | Reached XP level 1. HP: 16/16 MP: 3/3
    58 | D:1      | Reached XP level 2. HP: 4/22 MP: 5/5
   539 | D:1      | Reached skill level 3 in Axes
   829 | D:1      | Reached XP level 3. HP: 27/27 MP: 6/6
  1947 | D:1      | You fall through a shaft!
  1954 | D:2      | You fall through a shaft for 2 floors!
  2214 | D:4      | Reached skill level 4 in Axes
  2214 | D:4      | Reached XP level 4. HP: 26/33 MP: 7/7
  2662 | D:3      | You fall through a shaft for 2 floors!
  2662 | D:5      | Entered Level 5 of the Dungeon
  2667 | D:5      | Found a sparkling altar of Nemelex Xobeh.
  2765 | D:5      | Noticed a water moccasin
  2770 | D:5      | You fall through a shaft for 3 floors!
  2850 | D:8      | You fall through a shaft for 2 floors!
  2850 | D:10     | Entered Level 10 of the Dungeon
  2891 | D:10     | Noticed a centaur
  2904 | D:10     | Slain by a centaur

Vault maps used:
D:1:      elethiomel_arrival_shortcut
D:2:      small_statue_intersection
D:4:      nicolae_overflow_hidden_temple, minmay_misc_feat_roman
D:5:      lemuel_crystal_altar, nicolae_ossuary_entry_giza, first_bread,
          minmay_ruined_shrine
D:8:      enter_bailey_3, hangedman_ranch, uniq_prince_ribbit1, uniq_pikel
D:10:     minmay_lair_entry_lava, basic_altar

Skill      XL: |  1  2  3 |
---------------+----------+-----
Axes           | 3 4 |  4.5
Fighting       | |  2.1
Throwing       | |  1.0
Armour         | |  1.1
Dodging        | |  1.7
Spellcasting   | |  2.1
Translocations | |  2.6

Action                   |  1- 3 |  4- 6 || total
-------------------------+-------+-------++-------
Melee: Hand axe          |   134 |    43 ||   177
 Fire: Blowgun           |       |     5 ||     5
 Abil: Shaft Self        |     2 |     2 ||     4
       Dig               |     1 |       ||     1
  Use: Scroll            |       |     1 ||     1
       Potion            |       |     1 ||     1
  Eat: Chunk             |     5 |     3 ||     8
Armor: Leather armour    |    53 |     5 ||    58
Dodge: Dodged            |   103 |    37 ||   140
